 Dungeon Crawl Stone Soup version 0.18.1-1-g2f07953 (webtiles) character file.

589 Gingerlord the Shield-Bearer (level 7, -2/61 HPs)
             Began as a Minotaur Fighter on May 7, 2016.
             Was an Initiate of Gozag.
             Killed from afar by an orc wizard (6 damage)
             ... with a puff of frost
             ... on level 4 of the Dungeon.
             The game lasted 00:04:57 (3071 turns).

Gingerlord the Shield-Bearer (Minotaur Fighter)     Turns: 3071, Time: 00:04:58

Health: -2/61      AC:  9    Str: 26    XL:     7   Next: 15%
Magic:  6/6        EV:  7    Int:  5    God:    Gozag
Gold:   176        SH: 10    Dex: 11    Spells: 0 memorised, 6 levels left

rFire  . . .     SeeInvis .     a - +1 war axe
rCold  . . .     Gourm    .     m - +0 chain mail
rNeg   . . .     Faith    .     c - +0 shield
rPois  .         Spirit   .     (helmet restricted)
rElec  .         Dismiss  .     (no cloak)
rCorr  .         Reflect  .     (no gloves)
SustAt .         Harm     .     (no boots)
MR     .....                    (no amulet)
Stlth  ..........               (no ring)
                                (no ring)

@: mighty, gold aura, not resistant to hostile enchantments, extremely
unstealthy
A: retaliatory headbutt, horns 2
a: Potion Petition, Call Merchant, Bribe Branch, Renounce Religion


You were on level 4 of the Dungeon.
You worshipped Gozag.
Gozag was noncommittal.
You were not hungry.

You visited 2 branches of the dungeon, and saw 5 of its levels.

You collected 228 gold pieces.
You paid 52 gold pieces to Gozag.

Inventory:

Hand Weapons
 a - a +1 war axe (weapon)
Armour
 c - a +0 shield (worn)
 m - a +0 chain mail (worn)
Jewellery
 q - an uncursed ring of flight {unknown}
Scrolls
 e - a scroll of immolation
 k - 4 scrolls of identify
Potions
 d - a potion of might
 h - 3 potions of flight
 n - a potion of brilliance {unknown}
 o - 2 potions of agility
 t - a potion of degeneration {unknown}
Comestibles
 f - 3 bread rations
 g - a royal jelly
 j - 2 meat rations
 s - 2 beef jerkies


   Skills:
 + Level 5.3 Fighting
 + Level 4.9 Axes
 + Level 5.4 Armour
 + Level 3.2 Dodging
 + Level 5.5 Shields


You had 6 spell levels left.
You didn't know any spells.

Dungeon Overview and Level Annotations

Branches:
Dungeon (4/15)             Temple (1/1) D:4

Altars:
Fedhas
Gozag
Makhleb
Vehumet
Xom
Yredelemnul
Zin


Innate Abilities, Weirdness & Mutations

You reflexively headbutt those who attack you in melee.
You have a pair of horns on your head.


Message History

* * * LOW HITPOINT WARNING * * *
The bat hits you but does no damage.
The orc wizard hits you but does no damage.
A bat comes into view.
You closely miss the orc wizard.
Your shield and chain mail prevent you from hitting the bat.
The bat is distracted by the nearby gold.
The orc wizard casts a spell at you. The magic dart hits you!
* * * LOW HITPOINT WARNING * * *
The orc priest looks braver for a moment.
The orc wizard hits you with a dagger.
* * * LOW HITPOINT WARNING * * *
You closely miss the orc wizard. You miss the bat.
The bat is no longer distracted by gold.
You block the bat's attack.
The orc wizard points at you and mumbles some strange words.
The puff of frost hits you!
You die...
Your body crumbles into a pile of gold.

.................$.o$o.........#
.....################..#.......#
#....# ###$..'.......# .....#
#o.#..#.......# .....#
#o##..'.......# .....# #
##o#...#.......## .....# #.
#o##...#........# .....#
##.##o##..........#.# ######
#...@##....########.#
#....#.....#### #.#
....b.###.....†..# #.# ##....
##.##.##.# #.# ....%
#..#+##'#####.# .....
#.............. ....
#.............# #...
#.............# #.............#


You could see an orc priest, an orc wizard, 3 orcs and a bat.

Vanquished Creatures
  The ghost of popbob the Firebug, an amateur DEFE (D:4)
  3 scorpions (D:4)
  3 crimson imps (D:3)
  2 orc priests
  A worker ant (D:4)
  2 orc wizards (D:4)
  Terence (D:2)
  6 adders
  A worm (D:1)
  A dart slug (D:3)
  A giant gecko (D:3)
  5 orcs
  3 giant cockroaches
  6 goblins
  3 hobgoblins
  A jackal (D:4)
  4 kobolds
  2 ball pythons
  5 bats
  4 giant newts
  3 rats
58 creatures vanquished.

Vanquished Creatures (others)
  5 fungi (D:4)
  A plant (D:4)
6 creatures vanquished.

Grand Total: 64 creatures vanquished

Notes
Turn   | Place    | Note
--------------------------------------------------------------
     0 | D:1      | Gingerlord the Minotaur Fighter began the quest for the Orb.
     0 | D:1      | Reached XP level 1. HP: 19/19 MP: 0/0
   263 | D:1      | Reached XP level 2. HP: 26/27 MP: 1/1
   695 | D:2      | Found a radiant altar of Vehumet.
  1207 | D:2      | Noticed Terence
  1216 | D:2      | Killed Terence
  1216 | D:2      | Reached XP level 3. HP: 33/33 MP: 2/2
  1634 | D:3      | Reached skill level 1 in Dodging
  1634 | D:3      | Reached XP level 4. HP: 13/40 MP: 3/3
  1973 | D:3      | Found a shimmering altar of Xom.
  2224 | D:3      | Found a faded altar to an unknown god.
  2331 | D:3      | Reached XP level 5. HP: 47/47 MP: 4/4
  2601 | D:4      | Noticed popbob's ghost (amateur DEFE)
  2628 | D:4      | Killed popbob's ghost
  2628 | D:4      | Reached skill level 5 in Shields
  2628 | D:4      | Reached XP level 6. HP: 32/55 MP: 5/5
  2645 | D:4      | Reached skill level 5 in Fighting
  2645 | D:4      | Reached skill level 5 in Armour
  2683 | D:4      | Found a basalt altar of Yredelemnul.
  2686 | D:4      | Found a glowing silver altar of Zin.
  2686 | D:4      | Found a burning altar of Makhleb.
  2688 | D:4      | Found an opulent altar of Gozag.
  2688 | D:4      | Found a blossoming altar of Fedhas.
  2700 | D:4      | Became a worshipper of Gozag Ym Sagoz the Greedy
  2795 | D:4      | Found a staircase to the Ecumenical Temple.
  2809 | Temple   | Entered the Ecumenical Temple
  2885 | D:4      | Reached XP level 7. HP: 15/61 MP: 6/6
  3071 | D:4      | Killed from afar by an orc wizard

Skill      XL: |  1  2  3  4  5  6 |
---------------+-------------------+-----
Shields        | 4 5 |  5.5
Fighting       | 4 5 |  5.3
Armour         | 4 5 |  5.4
Axes           | 3 4 |  4.9
Dodging        | 1 2 3 |  3.2

Action                   |  1- 3 |  4- 6 |  7- 9 || total
-------------------------+-------+-------+-------++-------
Melee: War axe           |    62 |   105 |    16 ||   183
       Headbutt          |    11 |    16 |     1 ||    28
  Use: Scroll            |       |     6 |       ||     6
       Potion            |       |     1 |     1 ||     2
  Eat: Chunk             |     2 |     4 |       ||     6
       Fruit             |       |       |     1 ||     1
Armor: Scale mail        |     2 |       |       ||     2
       Chain mail        |    16 |    54 |    19 ||    89
Dodge: Dodged            |    10 |    27 |     8 ||    45
Block: Shield            |    30 |    63 |    11 ||   104
